 Dungeon Crawl Stone Soup version 0.17.0-23-g0de4337 (console) character file.

165 gw the Bolt Thrower (level 5, -5/32 HPs)
             Began as a Tengu Hunter on Nov 15, 2015.
             Slain by an orc
             ... wielding a +0 falchion
              (7 damage)
             ... on level 4 of the Dungeon.
             The game lasted 00:04:11 (3442 turns).

gw the Bolt Thrower (Tengu Hunter)                  Turns: 3442, Time: 00:04:11

Health: -5/32      AC:  5    Str: 12    XL:     5   Next: 46%
Magic:  6/6        EV: 13    Int: 12    God:
Gold:   154        SH:  0    Dex: 15    Spells: 0 memorised, 4 levels left

rFire  . . .     SeeInvis .     b - +0 flail
rCold  . . .     Clarity  .     d - +0 leather armour
rNeg   . . .     SustAt   .     (no shield)
rPois  .         Gourm    .     (helmet restricted)
rElec  .         Spirit   .     h - +0 cloak
rCorr  .         Warding  .     k - +0 pair of gloves
rMut   .         Stasis   .     (boots unavailable)
MR     .....                    (no amulet)
Stlth  ++........               (no ring)
                                (no ring)

@: not resistant to hostile enchantments, unstealthy
A: beak, talons 3, able to fly 1
a: Fly


You were on level 4 of the Dungeon.
You were very hungry.

You visited 1 branch of the dungeon, and saw 4 of its levels.

You collected 154 gold pieces.

Inventory:

Hand Weapons
 a - a +1 hand crossbow
 b - a +0 flail (weapon)
Missiles
 m - 50 bolts
 n - 20 poisoned bolts
Armour
 d - a +0 leather armour (worn)
 h - a +0 cloak (worn)
 k - a +0 pair of gloves (worn)
Scrolls
 i - a scroll of magic mapping
Comestibles
 e - 4 bread rations
 l - 7 fruits


   Skills:
 + Level 3.0 Fighting
 + Level 1.9 Maces & Flails
 * Level 5.7 Crossbows
 + Level 3.4 Dodging
 - Level 1.0 Stealth


You had 4 spell levels left.
You didn't know any spells.

Dungeon Overview and Level Annotations

Branches:
Dungeon (4/15)
 Temple: D:4-7

Altars:
Cheibriados


Innate Abilities, Weirdness & Mutations

You have a beak for a mouth.
You have claws for feet.
You can fly.


Message History

The orc misses you. The orc hits you with a falchion!
MOVING TO (-2,-1) MOVING TO (-1,0)
Found a fuming amethyst potion.
Found a stone staircase leading down.
MOVING TO (-2,3)
You are feeling very hungry.
MOVING TO (-1,3)
The orc hits you but does no damage.
Your magical contamination has completely faded away.
MOVING TO (-1,2) MOVING TO (-1,1) MOVING TO (7,7)
The orc misses you.
MOVING TO (6,7)
You hit the orc but do no damage. You claw the orc, but do no damage.
You peck the orc.
The orc is severely wounded.
The adder skeleton bites you. The orc misses you.
The orc hits you with a falchion!
You die...

# #.......#
#.#.......#
#.#.......##
..........
#.#.##.# #
#.[...<#
#.#...##.#
#...oZ)).#
#....Qo.[#
#..........#
..!..........#
..>.......[.....
................
.............$..
#................
.............#..


You could see 2 orcs and an adder skeleton.

Table legend:
 A = Turns spent in this place as a percentage of turns spent in the entire game.
 B = Non-inter-level travel turns spent in this place as a percentage of non-inter-level travel turns spent in the entire game.
 C = Inter-level travel turns spent in this place as a percentage of turns spent in this place.
 D = Turns resting spent in this place as a percentage of non-inter-level travel turns spent in this place.
 E = Turns spent auto-exploring this place as a percentage of non-inter-level travel turns spent in this place.
 F = Non-inter-level travel turns spent in this place divided by the number of levels of this place that you've seen.
                   A       B       C       D       E      F
               +-------+-------+-------+-------+-------+----------------------
         Total | 100.0 | 100.0 |   1.1 |   0.4 |   1.6 | 1767.2
       Dungeon | 100.0 | 100.0 |   1.1 |   0.4 |   1.6 | 1767.2
               +-------+-------+-------+-------+-------+----------------------

Table legend:
 A = Kills in this place as a percentage of kills in entire the game.
 B = Kills by you in this place as a percentage of kills by you in the entire game.
 C = Kills by friends in this place as a percentage of kills by friends in the entire game.
 D = Other kills in this place as a percentage of other kills in the entire game.
 E = Experience gained in this place as a percentage of experience gained in the entire game.
 F = Experience gained in this place divided by the number of levels of this place that you have seen.
                   A       B       C       D       E      F
               +-------+-------+-------+-------+-------+----------------------
         Total | 100.0 | 100.0 |  -nan |  -nan | 100.0 |  59.0
       Dungeon | 100.0 | 100.0 |  -nan |  -nan | 100.0 |  59.0
               +-------+-------+-------+-------+-------+----------------------

Vanquished Creatures
  An orc priest (D:3)
  An orc wizard (D:4)
  2 adders
  2 oozes
  A worm (D:3)
  5 giant geckos
  5 orcs
  7 goblins
  11 hobgoblins
  A jackal (D:2)
  A quokka (D:3)
  8 bats
  5 giant cockroaches
  3 giant newts
  7 kobolds
  10 rats
70 creatures vanquished.

Notes
Turn   | Place    | Note
--------------------------------------------------------------
     0 | D:1      | gw the Tengu Hunter began the quest for the Orb.
     0 | D:1      | Reached XP level 1. HP: 12/12 MP: 2/2
   297 | D:1      | Reached XP level 2. HP: 17/17 MP: 3/3
   591 | D:1      | Reached skill level 5 in Crossbows
  1158 | D:2      | Reached XP level 3. HP: 17/21 MP: 4/4
  1262 | D:2      | Found a faded altar to an unknown god.
  1568 | D:2      | Reached skill level 1 in Maces & Flails
  1679 | D:2      | Reached XP level 4. HP: 27/27 MP: 5/5
  2097 | D:3      | Found a snail-covered altar of Cheibriados.
  2750 | D:3      | Gained mutation: You can fly. [Tengu growth]
  2750 | D:3      | Reached XP level 5. HP: 8/32 MP: 6/6
  3442 | D:4      | Slain by an orc

Action                   |  1- 3 |  4- 6 || total
-------------------------+-------+-------++-------
Melee: Short sword       |    26 |       ||    26
       Whip              |    53 |    43 ||    96
       Flail             |       |    26 ||    26
 Fire: Hand crossbow     |    35 |    44 ||    79
  Use: Scroll            |     3 |     4 ||     7
       Potion            |     2 |     4 ||     6
  Eat: Chunk             |     2 |     5 ||     7

Vault maps used:
D:1:      dpeg_arrival_shelter, st_stairs_4
D:2:      ecumenical_altar_1, first_bread, serial_curves, eino_curves_02,
          eino_curves_04
D:3:      nicolae_overflow_hidden_temple
D:4:      grunt_temple_overflow_open
